 Dungeon Crawl Stone Soup version 0.27-a0-1555-g0e7b3fb1d2 (webtiles) character file.

Game seed: 13065770534718646609

128 Sin92 the Skirmisher (level 4, -7/36 HPs)
             Began as a Demonspawn Fighter on July 14, 2021.
             Mangled by a gnoll (11 damage)
             ... on level 2 of the Dungeon.
             The game lasted 00:01:30 (1758 turns).

Sin92 the Skirmisher (Demonspawn Fighter)           Turns: 1758, Time: 00:01:31

Health: -7/36      AC:  6    Str: 16    XL:     4   Next: 87%
Magic:  4/4        EV:  8    Int:  9    God:
Gold:   75         SH:  9    Dex: 14    Spells: 3/3 levels left

rFire    . . .     SeeInvis .   a - +0 long sword
rCold    . . .     Faith    .   c - +0 kite shield
rNeg     . . .     Spirit   .   b - +0 scale mail
rPois    .         Reflect  .   (no helmet)
rElec    .         Harm     .   (no cloak)
rCorr    .         Rampage  .   (no gloves)
Will     .....                  (no boots)
Stlth    ..........             (no amulet)
HPRegen  0.12/turn              (no ring)
MPRegen  0.09/turn              (no ring)

@: no status effects
A: sturdy frame 1
a: no special abilities


You were on level 2 of the Dungeon.
You visited 1 branch of the dungeon, and saw 2 of its levels.

You collected 75 gold pieces.

Inventory:

Hand Weapons
 a - a +0 long sword (weapon)
Armour
 b - a +0 scale mail (worn)
 c - a +0 kite shield (worn)
Wands
 f - a wand of flame (8)
Scrolls
 d - 2 scrolls of magic mapping
 g - a scroll of amnesia
 h - 2 scrolls of torment {unknown}
Potions
 e - 4 potions of brilliance {unknown}


   Skills:
 + Level 3.6 Fighting
 + Level 2.6 Long Blades
 + Level 3.2 Armour
 + Level 1.6 Dodging
 + Level 3.3 Shields


You had 3 spell levels left.
You didn't know any spells.
Your spell library contained the following spells:

 Spells                   Type           Power      Damage    Failure   Level
 Corona                   Hex            0%         N/A       99%         1
 Corpse Rot               Necr/Air       N/A        N/A       99%         2
 Ensorcelled Hibernation  Hex/Ice        0%         N/A       99%         2
 Dazzling Flash           Conj/Hex       0%         N/A       100%        3
 Tukima's Dance           Hex            0%         N/A       100%        3
 Dispel Undead            Necr           0%         3d6       100%        4
 Iskenderun's Mystic Bla  Conj/Tloc      0%         2d3       100%        4
 Death Channel            Necr           0%         N/A       100%        6
 Starburst                Conj/Fire      0%         8x6d3     100%        6


Dungeon Overview and Level Annotations

Branches:
Dungeon (2/15)

Altars:

Annotations:
D:2 1 runed translucent door, Crazy Yiuf


Innate Abilities, Weirdness & Mutations

Your movements are slightly less encumbered by armour. (ER -2)


Message History

The gnoll hits you with a +0 flail!
* * * LOW HITPOINT WARNING * * *
Unknown command.
You hit the gnoll.
You kill the gnoll!
The endoplasm barely misses you.
You riposte.
You completely miss the endoplasm. You block the gnoll's attack.
Unknown command.
You closely miss the gnoll. You block the endoplasm's attack.
You block the gnoll's attack.
The endoplasm hits you but does no damage.
The gnoll closely misses you.
Unknown command.
You hit the gnoll.
The gnoll is lightly wounded.
The endoplasm hits you but does no damage.
The gnoll hits you but does no damage. You block the endoplasm's attack.
You hit the gnoll.
The gnoll is moderately wounded.
You block the gnoll's attack. The endoplasm freezes you.
You are frozen.
* * * LOW HITPOINT WARNING * * *
You block the gnoll's attack.
You slash the endoplasm!
You kill the endoplasm!
The gnoll hits you but does no damage.
Unknown command.
The gnoll hits you with a +0 flail.
* * * LOW HITPOINT WARNING * * *
Things that are here:
a +0 flail; a gnoll corpse You closely miss the gnoll.
The gnoll is moderately wounded.
You block the gnoll's attack. The gnoll hits you with a +0 flail.
* * * LOW HITPOINT WARNING * * *
You hit the gnoll.
The gnoll is moderately wounded.
The gnoll hits you with a +0 flail!
You die...

...............
..............# ....
....#.........## ....
...###.......##. .....
#### #......##..
##..... ###.......#.#
...>.# ####.........#.#
..$..#
.##.....#......##.....#
....#.#........)@.....#
................g(....#
#............<###.....#
#....##.#.....# .....#
.....##.......###.....#
...#.##.........#.#####
...........####...#
...........# #.##
...........# ##


You could see a gnoll.

Vanquished Creatures
  A scorpion (D:2)
  2 gnolls (D:2)
  An adder (D:2)
  A worm (D:2)
  A dart slug (D:1)
  5 bats
  4 endoplasms
  2 giant cockroaches
  5 goblins
  4 hobgoblins
  2 jackals (D:1)
  A quokka (D:1)
  A ball python (D:2)
  2 frilled lizards (D:2)
  A kobold (D:2)
  A rat (D:2)
34 creatures vanquished.

Notes
Turn   | Place    | Note
-------+----------+-------------------------------------------
     0 | D:1      | Sin92 the Demonspawn Fighter began the quest for the Orb.
     0 | D:1      | Reached XP level 1. HP: 18/18 MP: 1/1
    34 | D:1      | Found a faded altar of an unknown god.
   166 | D:1      | Gained mutation: Your movements are slightly less
                  | encumbered by armour. (ER -2) [demonic ancestry]
   166 | D:1      | Reached XP level 2. HP: 24/24 MP: 2/2
  1037 | D:2      | Noticed a scorpion
  1046 | D:2      | Killed a scorpion
  1047 | D:2      | Reached skill level 1 in Dodging
  1047 | D:2      | Reached XP level 3. HP: 8/29 MP: 3/3
  1047 | D:2      | Reached XP level 4. HP: 10/35 MP: 4/4
  1639 | D:2      | Found a runed translucent door.
  1640 | D:2      | Noticed Crazy Yiuf
  1758 | D:2      | Mangled by a gnoll

Illustrated notes

Levels and vault maps discovered:
D:1:      ncdulo_smallfort, layout_rooms,
          hellmonk_ecumenical_altar_heavens_door, serial_co_window_serial,
          co_window_of_opportunity_a, co_window_corner_a, co_window_corner_a,
          co_window_corner_a, co_window_of_opportunity_a,
          co_window_of_opportunity_a, co_window_corner_a, co_window_2corner,
          co_window_corner_ca, co_window_broadway_b, co_window_of_opportunity_c,
          co_window_4corner_a, glass_columns_b, glass_columns_a
D:2:      layout_rooms, uniq_crazy_yiuf_cottage, uniq_natasha

Skill      XL: |  1  2 |
---------------+-------+-----
Long Blades    | 2 |  2.6
Armour         | 3 |  3.2
Dodging        | 1 |  1.6
Shields        | 3 |  3.3
Fighting       | |  3.6

Action                   |  1- 3 |  4- 6 || total
-------------------------+-------+-------++-------
Melee: Long sword        |    40 |    45 ||    85
  Use: Scroll            |     4 |       ||     4
       Potion            |     1 |     1 ||     2
Armor: Scale mail        |    25 |    20 ||    45
Dodge: Dodged            |    21 |    34 ||    55
Block: Kite shield       |    26 |    30 ||    56
       Rpst.: Long sword |     7 |    13 ||    20

Table legend: (Time is in decaauts)
 A = Elapsed time spent in this place.
 B = Non-inter-level travel time spent in this place.
 C = Inter-level travel time spent in this place.
 D = Time resting spent in this place.
 E = Time spent auto-exploring this place.
 F = Levels seen in this place.
 G = Mean time per level.
                   A        B        C        D        E       F      G
               +--------+--------+--------+--------+--------+-----+--------+
         Total |   1802 |   1702 |    100 |    190 |   1275 |   2 |  901.0 |
       Dungeon |   1802 |   1702 |    100 |    190 |   1275 |   2 |  901.0 |
               +--------+--------+--------+--------+--------+-----+--------+

Top non-repeatable levels by time:
     D:1: 1025 daAuts
     D:2: 777 daAuts
